 Dungeon Crawl Stone Soup version 0.19.5 (webtiles) character file.

1655 Dadi the Archer (level 8, -3/74 HPs)
             Began as a Centaur Hunter on May 17, 2017.
             Was a Follower of Okawaru.
             Shot with an arrow by a centaur (14 damage)
             ... on level 6 of the Dungeon.
             The game lasted 00:12:07 (8219 turns).

Dadi the Archer (Centaur Hunter)                    Turns: 8219, Time: 00:12:07

Health: -3/74      AC:  8    Str: 15    XL:     8   Next: 68%
Magic:  0/8        EV: 12    Int: 10    God:    Okawaru [*.....]
Gold:   478        SH:  0    Dex: 12    Spells: 0 memorised, 7 levels left

rFire  . . .     SeeInvis .     b - +1 shortbow
rCold  . . .     Gourm    .     i - +0 leather armour (curse)
rNeg   . . .     Faith    .     (shield currently unavailable)
rPois  .         Spirit   +     (no helmet)
rElec  .         Reflect  .     (no cloak)
rCorr  .         Harm     .     (no gloves)
MR     .....                    (no barding)
Stlth  ++........               h - amulet of guardian spirit
                                (no ring)
                                j - +3 ring of protection

@: heroism, very quick
A: hooves 3, deformed body, speed 2, tough skin 3
a: Heroism, Renounce Religion


You were on level 6 of the Dungeon.
You worshipped Okawaru.
Okawaru was aware of your devotion.
You were not hungry.

You visited 1 branch of the dungeon, and saw 8 of its levels.
You also visited: Ossuary.

You collected 478 gold pieces.

Inventory:

Hand Weapons
 a - a +3 short sword
 b - a +1 shortbow (weapon)
 C - a +0 shortbow
 G - a +0 short sword
Missiles
 d - 36 arrows (quivered)
Armour
 c - a +0 leather armour
 i - a cursed +0 leather armour (worn)
Jewellery
 h - an amulet of guardian spirit (around neck)
 j - a +3 ring of protection (left hand)
 R - an uncursed ring of stealth {unknown}
Wands
 H - a wand of paralysis (15/24)
 O - a wand of flame (26/48)
 P - a wand of confusion (23/48)
Scrolls
 e - 7 scrolls of teleportation {unknown}
 g - 7 scrolls of remove curse {unknown}
 k - 2 scrolls of amnesia {unknown}
 l - 14 scrolls of identify
 q - 2 scrolls of fear {unknown}
 t - a scroll of random uselessness {unknown}
 u - a scroll of magic mapping
 y - 3 scrolls of enchant weapon {unknown}
 D - 2 scrolls of blinking {unknown}
 E - a scroll of immolation {unknown}
 F - 2 scrolls of enchant armour {unknown}
 I - a scroll of fog {unknown}
 J - a scroll of recharging {unknown}
 N - a scroll of summoning {unknown}
 Q - a scroll of brand weapon {unknown}
Potions
 m - a potion of magic {unknown}
 p - 2 potions of ambrosia {unknown}
 s - 3 potions of curing {unknown}
 v - 3 potions of brilliance {unknown}
 w - 4 potions of might
 x - a potion of cancellation {unknown}
 z - 2 potions of heal wounds {unknown}
 A - 2 potions of haste {unknown}
 B - 2 potions of agility {unknown}
 K - 2 potions of flight {unknown}
 L - a potion of berserk rage {unknown}
 M - a potion of degeneration {unknown}
Comestibles
 f - 5 bread rations
 n - 4 meat rations
 o - 2 slices of pizza
 r - a beef jerky


   Skills:
 + Level 7.7(12.7) Fighting
 + Level 11.6(16.6) Bows
 - Level 1.3(6.3) Dodging
 - Level 0.4(5.4) Stealth


You had 7 spell levels left.
You didn't know any spells.

Dungeon Overview and Level Annotations

Branches:
Dungeon (8/15)             Temple (0/1) D:7
   Lair: D:8-11

Altars:
Elyvilon
Okawaru
Yredelemnul


Innate Abilities, Weirdness & Mutations

You have hooves in place of feet.
Armour fits poorly on your strangely shaped body.
You cover ground very quickly.
You have extremely tough skin. (AC +3)


Message History

Aim: a centaur, wielding a shortbow (moderately wounded)
You shoot an arrow. The arrow barely misses the centaur.
The centaur shoots an arrow.
The arrow hits you!
The centaur shoots an arrow.
The arrow hits you!
* * * LOW HITPOINT WARNING * * *
You see here an arrow.
Firing (i - inventory):
d - 37 arrows (quivered)
Press: ? - help, Shift-Dir - straight line, f/p - centaur
Aim: a centaur, wielding a shortbow (moderately wounded)
You shoot an arrow.
The arrow hits the centaur but does no damage.
The centaur is moderately wounded.
The centaur shoots an arrow.
The arrow hits you.
* * * LOW HITPOINT WARNING * * *
The centaur shoots an arrow.
The arrow hits you.
* * * LOW HITPOINT WARNING * * *
You see here an arrow.
You gain the combat prowess of a mighty hero.
The centaur shoots an arrow.
The arrow hits you!
You die...

.......# #.# .......## ##..#
#.......## #...# ##.......#
#...###
#...#...###.....#########..
#...#....#........(......(.
#...##.............(.c(()..
#....##..........(((#####.(.
......##.<.....(@..##
.................)##
..##.............## #
###...#......## #
#...###....# #..## ##...#
#.. ##..# ..# ##..


You could see a centaur.

Vanquished Creatures
  A troll (D:8)
  A sky beast (D:7)
  An ogre (D:5)
  2 centaurs
  A wyvern skeleton (D:7)
  A scorpion (D:7)
  A howler monkey (D:4)
  A crimson imp (D:7)
  A jelly (D:4)
  A bullfrog zombie (D:6)
  2 orc priests (D:7)
  3 orc wizards
  A centaur skeleton (D:8)
  3 hounds
  A bullfrog skeleton (D:4)
  Jessica (D:3)
  2 iguanas (D:4)
  5 worker ants
  A big kobold zombie (Ossuary)
  8 mummies (Ossuary)
  A worker ant zombie (D:5)
  A howler monkey zombie (D:5)
  11 adders
  A shadow imp (D:7)
  An ooze (D:5)
  An adder skeleton (D:7)
  A worm (D:3)
  5 leopard geckos
  13 orcs
  7 bats
  5 giant cockroaches
  2 gnoll zombies (Ossuary)
  10 goblins
  11 hobgoblins
  A quokka (D:3)
  3 ball pythons
  2 frilled lizards
  3 hobgoblin zombies (Ossuary)
  14 kobolds
  2 kobold zombies (Ossuary)
  2 leopard gecko zombies (D:5)
  A quokka skeleton (D:7)
  41 rats
177 creatures vanquished.

Notes
Turn   | Place    | Note
-------+----------+-------------------------------------------
     0 | D:1      | Dadi the Centaur Hunter began the quest for the Orb.
     0 | D:1      | Reached XP level 1. HP: 17/17 MP: 1/1
   133 | D:1      | Reached XP level 2. HP: 19/25 MP: 2/2
   767 | D:2      | Reached skill level 6 in Bows
   767 | D:2      | Reached XP level 3. HP: 30/30 MP: 3/3
   939 | D:2      | Found a faded altar of an unknown god.
  1213 | D:2      | Reached XP level 4. HP: 32/37 MP: 4/4
  1463 | D:2      | Reached skill level 7 in Bows
  1789 | D:3      | Noticed Jessica
  2146 | D:3      | Reached XP level 5. HP: 37/45 MP: 5/5
  2149 | D:3      | Killed Jessica
  2226 | D:3      | Found a white marble altar of Elyvilon.
  2290 | D:3      | Found an iron altar of Okawaru.
  2624 | D:4      | Reached skill level 8 in Bows
  3019 | D:4      | Reached XP level 6. HP: 50/52 MP: 6/6
  3672 | D:4      | Found a faded altar of an unknown god.
  3672 | D:4      | Found a faded altar of an unknown god.
  3677 | D:4      | Found a faded altar of an unknown god.
  3679 | D:4      | Found a faded altar of an unknown god.
  3681 | D:4      | Found a basalt altar of Yredelemnul.
  4505 | D:4      | Reached skill level 9 in Bows
  4646 | D:5      | Entered Level 5 of the Dungeon
  4683 | D:5      | Reached skill level 5 in Fighting
  4860 | D:5      | Reached XP level 7. HP: 61/61 MP: 7/7
  5817 | D:6      | Reached skill level 10 in Bows
  5919 | D:3      | Became a worshipper of Warmaster Okawaru
  6159 | D:7      | Found a staircase to the Ecumenical Temple.
  6184 | D:7      | Found a sand-covered staircase.
  6204 | Ossuary  | Entered an ossuary
  6357 | Ossuary  | Reached XP level 8. HP: 71/71 MP: 8/8
  7128 | D:7      | Reached * piety under Okawaru
  7610 | D:7      | Reached skill level 11 in Bows
  7739 | D:8      | Noticed a troll
  7813 | D:8      | Killed a troll
  8219 | D:6      | Shot with an arrow by a centaur

Skill      XL: |  1  2  3  4  5  6  7  8 |
---------------+-------------------------+-----
Bows           | 6 7 8 9 10 11 | 11.6
Fighting       | 3 4 5 6 7 |  7.7
Dodging        | |  1.3
Stealth        | |  0.4

Action                   |  1- 3 |  4- 6 |  7- 9 || total
-------------------------+-------+-------+-------++-------
Melee: Short sword       |       |   195 |    98 ||   293
       Kick              |       |    48 |    24 ||    72
       Shortbow          |       |       |     2 ||     2
 Fire: Shortbow          |   103 |   177 |   200 ||   480
Invok: Heroism           |       |       |     1 ||     1
  Use: Scroll            |       |       |     2 ||     2
  Eat: Chunk             |       |    10 |     5 ||    15
       Beef jerky        |       |       |     1 ||     1
       Pizza             |       |       |     1 ||     1
Armor: Leather armour    |     9 |    87 |    54 ||   150
Dodge: Dodged            |    17 |   104 |    58 ||   179
